Capitals vs Sharks

Created - December 11, 2015 at 18:02

Goals
1 2 3 T
Capitals 1 0 2 3
Sharks 3 1 1 5
Shots
1 2 3 T
Capitals 12 5 14 31
Sharks 11 6 10 27

1st period

1. Sharks , Andrew Shaw 15 (Brooks Laich, Andrej Sustr) at 1:18
2. Capitals , Ryan McDonagh 3 (Alexander Semin, Taylor Hall) at 8:13 (PP)
3. Sharks , Viktor Stalberg 4 (Luke Witkowski, David Savard) at 13:32
4. Sharks , Nikolai Kulemin 13 (Mark Pysyk) at 13:59

Penalties :
Colin McDonald (SJS) for Hooking (Minor) at 7:59, Andrej Sustr (SJS) for Hooking (Minor) at 8:56, Mark Pysyk (SJS) for Roughing (Minor) at 17:32

2nd period

5. Sharks , Matt Beleskey 10 (David Savard, Charlie Coyle) at 8:48

Penalties :
No Penalty

3rd period

6. Capitals , Cody Eakin 12 (Calvin de Haan, Morgan Rielly) at 6:10
7. Sharks , Brooks Laich 10 (Andrej Sustr, Nikolai Kulemin) at 8:33
8. Capitals , Jiri Tlusty 8 (Alexander Ovechkin, David Desharnais) at 16:51

Penalties :
Bryce Salvador (WSH) for High sticking (Minor) at 0:31, Bryce Salvador (WSH) for Roughing (Minor) at 12:27

Goalie Stats

James Reimer (WSH), 3 saves from 3 shots - (1.000), 11:27 minutes
Jimmy Howard (WSH), 19 saves from 24 shots - (0.792), L, 12-11-2, 48:33 minutes
Al Montoya (SJS), 28 saves from 31 shots - (0.903), W, 5-4-0, 60:00 minutes

Players Stats for Capitals

Player Name              G  A  P  +/- PIM S  H  SB GA TA FO     MP     PP MP  PK MP  
------------------------------------------------------------------------------------
Alexander Ovechkin       0  1  1   1  0   1  2  0  0  0  0/0    20:33   0:00   0:00 
Alexander Semin          0  1  1  -2  0   1  0  0  0  0  0/0    15:35   2:42   0:00 
Bryce Salvador           0  0  0  -1  4   1  3  1  0  0  0/0    21:01   1:30   0:00 
Calvin de Haan           0  1  1   1  0   2  0  0  0  0  0/0    16:59   1:30   2:15 
Cody Eakin               1  0  1  -2  0   5  0  1  0  0  12/17  15:39   1:30   1:16 
Curtis Lazar             0  0  0   0  0   0  0  0  0  0  0/0     4:45   0:00   0:00 
David Desharnais         0  1  1   1  0   5  0  0  0  0  13/24  21:47   1:30   0:00 
Derek Dorsett            0  0  0  -2  0   0  1  0  0  0  0/0    12:53   0:00   0:00 
Jay Harrison             0  0  0   0  0   0  1  0  0  0  0/0     6:13   0:00   1:50 
Jiri Tlusty              1  0  1   1  0   3  0  0  0  0  3/7    22:59   2:42   0:00 
Mathieu Perreault        0  0  0  -2  0   4  1  0  0  0  6/14   19:19   2:42   2:42 
Matt Stajan              0  0  0   0  0   0  0  0  0  0  9/13    7:27   0:00   2:42 
Morgan Rielly            0  1  1   1  0   1  0  0  0  0  0/0    18:06   0:00   0:29 
Nate Guenin              0  0  0  -3  0   0  1  3  0  0  0/0    16:56   0:00   2:16 
Ryan McDonagh            1  0  1  -1  0   3  3  2  0  0  0/0    23:21   2:42   1:06 
Ryan Murphy              0  0  0  -3  0   0  0  2  0  0  0/0    14:40   0:00   0:00 
Taylor Hall              0  1  1  -2  0   1  1  1  0  0  0/3    17:53   2:42   1:16 
Tomas Fleischmann        0  0  0  -2  0   4  0  0  0  0  0/0    19:54   1:30   0:00 

Players Stats for Sharks

Player Name              G  A  P  +/- PIM S  H  SB GA TA FO     MP     PP MP  PK MP  
------------------------------------------------------------------------------------
Alexander Wennberg       0  0  0   0  0   0  0  0  0  0  5/14   12:09   0:00   0:00 
Andrej Sustr             0  2  2   1  2   0  2  2  0  0  0/0    19:43   1:45   0:56 
Andrew Shaw              1  0  1   2  0   3  3  0  0  0  9/21   16:09   2:19   0:06 
Brooks Laich             1  1  2   2  0   1  0  0  0  0  0/1    14:12   0:00   0:28 
Charlie Coyle            0  1  1   0  0   4  0  0  0  0  3/6    18:38   1:39   0:00 
Colin McDonald           0  0  0   0  2   3  3  0  0  0  0/1    12:08   0:00   0:00 
David Savard             0  2  2   2  0   2  2  0  0  0  0/0    22:17   2:13   2:18 
Jannik Hansen            0  0  0   0  0   0  0  0  0  0  0/1    15:39   2:19   1:11 
Ladislav Smid            0  0  0   0  0   0  2  1  0  0  0/0    17:17   0:00   0:16 
Luke Witkowski           0  1  1   1  0   0  1  0  0  0  0/0     9:04   0:00   0:06 
Mark Pysyk               0  1  1   1  2   0  2  0  0  0  0/0    20:13   1:45   0:58 
Martin Marincin          0  0  0   0  0   0  0  2  0  0  0/0    18:05   0:00   1:32 
Matt Beleskey            1  0  1   0  0   4  4  0  0  0  1/1    18:38   1:39   0:00 
Nick Bjugstad            0  0  0   0  0   2  0  0  0  0  12/18  20:05   1:39   1:27 
Nikolai Kulemin          1  1  2   2  0   3  1  0  0  0  0/0    18:36   2:19   2:33 
Robert Bortuzzo          0  0  0   2  0   2  0  0  0  0  0/0    22:17   2:13   2:18 
Stephen Weiss            0  0  0   1  0   1  0  0  0  0  5/15   11:37   0:00   2:39 
Viktor Stalberg          1  0  1   1  0   2  2  0  0  0  0/0     8:58   0:00   0:00 

3 Stars

1 - Nikolai Kulemin (SJS)
2 - Brooks Laich (SJS)
3 - Andrew Shaw (SJS)

Power Play

Capitals - 1 on 3 Attempt(s) - 33.33%
Sharks - 0 on 2 Attempt(s) - 0.00%

Penalty Kill

Capitals - 2 on 2 Attempt(s) - 100.00% - Score 0 goal in Penalty Kill
Sharks - 2 on 3 Attempt(s) - 66.67% - Score 0 goal in Penalty Kill

Team Stat

Capitals - Hits : 13 - Faceoff Wins : 43 - Blocked Shots : 10 - Penalty Minutes : 4
Sharks - Hits : 22 - Faceoff Wins : 35 - Blocked Shots : 5 - Penalty Minutes : 6

Official

Referees : Kevin Pollock and Mark Lemelin
Linesman : Shandor Alphonso and Michel Cormier

Game Notes

James Reimer enters game at 8:33 of 3rd period

Finance

Level 1 -- Attendance: 6500 (100.00%) -- Ticket Income $650,000
Level 2 -- Attendance: 5000 (100.00%) -- Ticket Income $300,000
Level 3 -- Attendance: 3500 (100.00%) -- Ticket Income $122,500
Level 4 -- Attendance: 1562 (100.00%) -- Ticket Income $31,240
Luxury Box -- Attendance: 921 (92.10%) -- Ticket Income $184,200
Game was played at the SAP center.
Total Attendance: 17483 (99.55%)
Total Ticket Income: $1,287,940
Other Income: $193,191
Total Income: $1,481,131

% Time on Ice - Capitals

Lines # - Real PCT - Wanted PCT - Time Play
Normal Forward
1 - 39% - 36% - 20:17
2 - 27% - 33% - 13:55
3 - 25% - 16% - 12:53
4 - 9% - 15% - 4:45
Normal Defense
1 - 38% - 35% - 19:33
2 - 26% - 30% - 13:14
3 - 28% - 25% - 14:40
4 - 8% - 10% - 4:23
PP Forward
1 - 64% - 60% - 2:42
2 - 36% - 40% - 1:30
PP Defense
1 - 64% - 60% - 2:42
2 - 36% - 40% - 1:30
PK Forward
1 - 68% - 60% - 2:42
2 - 32% - 40% - 1:16
PK Defense
1 - 59% - 60% - 2:21
2 - 41% - 40% - 1:37
PK3 Forward
1 - 0% - 60%
2 - 0% - 40%
PK3 Defense
1 - 0% - 60%
2 - 0% - 40%
44 Forward
1 - 0% - 60%
2 - 0% - 40%
44 Defense
1 - 0% - 60%
2 - 0% - 40%
Last Minute Offensive  - 0:00
Last Minute Defensive  - 0:00
Total
Forward - 60:00
Defense - 60:00

% Time on Ice - Sharks

Lines # - Real PCT - Wanted PCT - Time Play
Normal Forward
1 - 33% - 33% - 16:59
2 - 26% - 27% - 13:44
3 - 23% - 25% - 12:09
4 - 17% - 15% - 8:58
Normal Defense
1 - 34% - 40% - 17:46
2 - 34% - 35% - 17:31
3 - 32% - 25% - 16:33
4 - 0% - 0% - 0:00
PP Forward
1 - 42% - 60% - 1:39
2 - 58% - 40% - 2:19
PP Defense
1 - 56% - 60% - 2:13
2 - 44% - 40% - 1:45
PK Forward
1 - 65% - 60% - 2:45
2 - 35% - 40% - 1:27
PK Defense
1 - 55% - 60% - 2:18
2 - 45% - 40% - 1:54
PK3 Forward
1 - 0% - 60%
2 - 0% - 40%
PK3 Defense
1 - 0% - 60%
2 - 0% - 40%
44 Forward
1 - 0% - 60%
2 - 0% - 40%
44 Defense
1 - 0% - 60%
2 - 0% - 40%
Last Minute Offensive  - 0:00
Last Minute Defensive  - 0:00
Total
Forward - 60:00
Defense - 60:00

Play by Play

1st period


0:01 of 1st period - Nick Bjugstad wins face-off versus David Desharnais in neutral zone.
1:04 of 1st period - Shot by Mathieu Perreault.
1:04 of 1st period - Stopped by Al Montoya without a rebound.
1:05 of 1st period - Cody Eakin wins face-off versus Andrew Shaw in Sharks zone.
1:16 of 1st period - Shot by Brooks Laich.
1:16 of 1st period - Shot Blocked by Cody Eakin.
1:18 of 1st period - Shot by Andrew Shaw.
1:18 of 1st period - Goal by Andrew Shaw - Capitals : 0 - Sharks : 1.
1:19 of 1st period - Alexander Wennberg wins face-off versus Matt Stajan in neutral zone.
2:06 of 1st period - Icing by Colin McDonald.
2:07 of 1st period - Alexander Wennberg wins face-off versus Cody Eakin in Sharks zone.
3:12 of 1st period - Icing by Bryce Salvador.
3:13 of 1st period - Jiri Tlusty wins face-off versus Stephen Weiss in Capitals zone.
3:15 of 1st period - Alexander Ovechkin is hit by Viktor Stalberg and loses puck.
3:44 of 1st period - Shot by Stephen Weiss.
3:44 of 1st period - Shot Blocked by Ryan McDonagh.
3:46 of 1st period - Shot by David Savard.
3:46 of 1st period - Stopped by Jimmy Howard without a rebound.
3:47 of 1st period - Andrew Shaw wins face-off versus Mathieu Perreault in Capitals zone.
4:49 of 1st period - Off-side.
4:50 of 1st period - Nick Bjugstad wins face-off versus David Desharnais in neutral zone.
5:28 of 1st period - Shot by David Desharnais.
5:28 of 1st period - Stopped by Al Montoya with a rebound.
5:30 of 1st period - Shot by David Desharnais.
5:30 of 1st period - Stopped by Al Montoya without a rebound.
5:31 of 1st period - Cody Eakin wins face-off versus Stephen Weiss in Sharks zone.
6:40 of 1st period - Morgan Rielly is hit by Luke Witkowski.
6:41 of 1st period - Icing by Morgan Rielly.
6:42 of 1st period - Nick Bjugstad wins face-off versus Mathieu Perreault in Capitals zone.
7:01 of 1st period - Shot by Taylor Hall.
7:01 of 1st period - Stopped by Al Montoya without a rebound.
7:02 of 1st period - Alexander Wennberg wins face-off versus David Desharnais in Sharks zone.
7:12 of 1st period - Off-side.
7:13 of 1st period - Nick Bjugstad wins face-off versus Jiri Tlusty in neutral zone.
7:19 of 1st period - Icing by Nate Guenin.
7:20 of 1st period - David Desharnais wins face-off versus Alexander Wennberg in Capitals zone.
7:44 of 1st period - Icing by Jannik Hansen.
7:45 of 1st period - Alexander Wennberg wins face-off versus Mathieu Perreault in Sharks zone.
7:59 of 1st period - Minor Penalty to Colin McDonald for Hooking.
8:00 of 1st period - Jiri Tlusty wins face-off versus Stephen Weiss in Sharks zone.
8:11 of 1st period - Shot by Alexander Semin.
8:11 of 1st period - Shot Misses the Net.
8:13 of 1st period - Shot by Ryan McDonagh.
8:13 of 1st period - Goal by Ryan McDonagh - Capitals : 1 - Sharks : 1.
8:14 of 1st period - Matt Stajan wins face-off versus Nick Bjugstad in neutral zone.
8:25 of 1st period - Shot by Curtis Lazar.
8:25 of 1st period - Shot Misses the Net.
8:56 of 1st period - Minor Penalty to Andrej Sustr for Hooking.
8:57 of 1st period - Jiri Tlusty wins face-off versus Stephen Weiss in Sharks zone.
9:12 of 1st period - Shot by Mathieu Perreault.
9:12 of 1st period - Stopped by Al Montoya without a rebound.
9:13 of 1st period - Stephen Weiss wins face-off versus Jiri Tlusty in Sharks zone.
10:22 of 1st period - Shot by Tomas Fleischmann.
10:22 of 1st period - Stopped by Al Montoya with a rebound.
10:24 of 1st period - Shot by Calvin de Haan.
10:24 of 1st period - Stopped by Al Montoya with a rebound.
10:26 of 1st period - Shot by Bryce Salvador.
10:26 of 1st period - Shot Misses the Net.
11:11 of 1st period - Icing by Ladislav Smid.
11:12 of 1st period - Cody Eakin wins face-off versus Alexander Wennberg in Sharks zone.
11:38 of 1st period - Shot by Cody Eakin.
11:38 of 1st period - Stopped by Al Montoya without a rebound.
11:39 of 1st period - Nick Bjugstad wins face-off versus David Desharnais in Sharks zone.
11:48 of 1st period - Shot by Charlie Coyle.
11:48 of 1st period - Stopped by Jimmy Howard with a rebound.
12:18 of 1st period - Shot by David Desharnais.
12:18 of 1st period - Stopped by Al Montoya with a rebound.
12:40 of 1st period - Icing by Morgan Rielly.
12:41 of 1st period - David Desharnais wins face-off versus Andrew Shaw in Capitals zone.
12:41 of 1st period - Morgan Rielly is hit by Andrew Shaw and loses puck.
12:52 of 1st period - Shot by Andrew Shaw.
12:52 of 1st period - Stopped by Jimmy Howard without a rebound.
12:53 of 1st period - Stephen Weiss wins face-off versus Mathieu Perreault in Capitals zone.
13:26 of 1st period - Shot by Robert Bortuzzo.
13:26 of 1st period - Shot Misses the Net.
13:28 of 1st period - Shot by David Savard.
13:28 of 1st period - Shot Misses the Net.
13:30 of 1st period - Shot by Luke Witkowski.
13:30 of 1st period - Shot Misses the Net.
13:32 of 1st period - Shot by Luke Witkowski.
13:32 of 1st period - Deflect By Viktor Stalberg.
13:32 of 1st period - Goal by Viktor Stalberg - Capitals : 1 - Sharks : 2.
13:33 of 1st period - Andrew Shaw wins face-off versus Cody Eakin in neutral zone.
13:36 of 1st period - Shot by Nikolai Kulemin.
13:36 of 1st period - Shot Misses the Net.
13:38 of 1st period - Shot by Ladislav Smid.
13:38 of 1st period - Shot Blocked by Nate Guenin.
13:40 of 1st period - Shot by Andrew Shaw.
13:40 of 1st period - Stopped by Jimmy Howard without a rebound.
13:41 of 1st period - Cody Eakin wins face-off versus Andrew Shaw in Capitals zone.
13:41 of 1st period - Cody Eakin is hit by Andrew Shaw.
13:55 of 1st period - Shot by Nikolai Kulemin.
13:55 of 1st period - Shot Misses the Net.
13:57 of 1st period - Shot by Nikolai Kulemin.
13:57 of 1st period - Stopped by Jimmy Howard with a rebound.
13:59 of 1st period - Shot by Nikolai Kulemin.
13:59 of 1st period - Goal by Nikolai Kulemin - Capitals : 1 - Sharks : 3.
14:00 of 1st period - Nick Bjugstad wins face-off versus Mathieu Perreault in neutral zone.
14:00 of 1st period - Nick Bjugstad is hit by Mathieu Perreault.
14:08 of 1st period - Shot by Matt Beleskey.
14:08 of 1st period - Stopped by Jimmy Howard without a rebound.
14:09 of 1st period - Mathieu Perreault wins face-off versus Andrew Shaw in Capitals zone.
14:22 of 1st period - Icing by David Savard.
14:23 of 1st period - Andrew Shaw wins face-off versus David Desharnais in Sharks zone.
15:16 of 1st period - Off-side.
15:17 of 1st period - Mathieu Perreault wins face-off versus Alexander Wennberg in neutral zone.
15:36 of 1st period - Shot by Colin McDonald.
15:36 of 1st period - Stopped by Jimmy Howard with a rebound.
17:10 of 1st period - Shot by David Savard.
17:10 of 1st period - Stopped by Jimmy Howard without a rebound.
17:11 of 1st period - Matt Stajan wins face-off versus Andrew Shaw in Capitals zone.
17:32 of 1st period - Minor Penalty to Mark Pysyk for Roughing.
17:33 of 1st period - Stephen Weiss wins face-off versus Jiri Tlusty in Sharks zone.
18:10 of 1st period - Stephen Weiss is hit by Ryan McDonagh and loses puck.
18:16 of 1st period - Stephen Weiss is hit by Taylor Hall and loses puck.
18:31 of 1st period - Shot by Stephen Weiss.
18:31 of 1st period - Shot Blocked by Ryan McDonagh.
19:09 of 1st period - Shot by Calvin de Haan.
19:09 of 1st period - Stopped by Al Montoya without a rebound.
19:10 of 1st period - David Desharnais wins face-off versus Stephen Weiss in Sharks zone.
19:11 of 1st period - Shot by Bryce Salvador.
19:11 of 1st period - Shot Misses the Net.
19:25 of 1st period - Shot by Cody Eakin.
19:25 of 1st period - Shot Blocked by Martin Marincin.
19:27 of 1st period - Shot by Cody Eakin.
19:27 of 1st period - Stopped by Al Montoya with a rebound.
19:29 of 1st period - Shot by David Desharnais.
19:29 of 1st period - Shot Misses the Net.
Goals for this period are 1 for Capitals vs 3 for Sharks.
Shots for this period are 12 for Capitals vs 11 for Sharks.

2nd period


0:01 of 2nd period - Charlie Coyle wins face-off versus Mathieu Perreault in neutral zone.
0:14 of 2nd period - Shot by Charlie Coyle.
0:14 of 2nd period - Shot Misses the Net.
1:28 of 2nd period - Off-side.
1:29 of 2nd period - Cody Eakin wins face-off versus Stephen Weiss in neutral zone.
2:22 of 2nd period - Derek Dorsett is hit by Mark Pysyk and loses puck.
2:39 of 2nd period - Shot by Andrew Shaw.
2:39 of 2nd period - Shot Blocked by Bryce Salvador.
2:53 of 2nd period - Ryan McDonagh is hit by Andrej Sustr and loses puck.
4:03 of 2nd period - Icing by Morgan Rielly.
4:04 of 2nd period - David Desharnais wins face-off versus Colin McDonald in Capitals zone.
4:04 of 2nd period - David Desharnais is hit by Colin McDonald.
4:10 of 2nd period - Shot by Alexander Ovechkin.
4:10 of 2nd period - Deflect By David Desharnais.
4:10 of 2nd period - Shot Misses the Net.
5:24 of 2nd period - Shot by Matt Beleskey.
5:24 of 2nd period - Stopped by Jimmy Howard with a rebound.
5:26 of 2nd period - Shot by Nick Bjugstad.
5:26 of 2nd period - Stopped by Jimmy Howard without a rebound.
5:27 of 2nd period - Stephen Weiss wins face-off versus David Desharnais in Capitals zone.
5:30 of 2nd period - Shot by Stephen Weiss.
5:30 of 2nd period - Shot Misses the Net.
5:37 of 2nd period - Off-side.
5:38 of 2nd period - Nick Bjugstad wins face-off versus Matt Stajan in neutral zone.
5:41 of 2nd period - Tomas Fleischmann is hit by Matt Beleskey and loses puck.
5:52 of 2nd period - Shot by Curtis Lazar.
5:52 of 2nd period - Shot Blocked by Martin Marincin.
5:54 of 2nd period - Shot by Matt Stajan.
5:54 of 2nd period - Shot Misses the Net.
6:06 of 2nd period - Shot by Nick Bjugstad.
6:06 of 2nd period - Stopped by Jimmy Howard with a rebound.
6:14 of 2nd period - Icing by Matt Stajan.
6:15 of 2nd period - Matt Stajan wins face-off versus Andrew Shaw in Capitals zone.
6:19 of 2nd period - Ryan McDonagh is hit by Andrej Sustr and loses puck.
6:44 of 2nd period - Shot by David Desharnais.
6:44 of 2nd period - Shot Misses the Net.
6:46 of 2nd period - Shot by Jiri Tlusty.
6:46 of 2nd period - Shot Misses the Net.
8:03 of 2nd period - Shot by Alexander Semin.
8:03 of 2nd period - Stopped by Al Montoya without a rebound.
8:04 of 2nd period - Nick Bjugstad wins face-off versus Mathieu Perreault in Sharks zone.
8:10 of 2nd period - Icing by Robert Bortuzzo.
8:11 of 2nd period - Nick Bjugstad wins face-off versus Taylor Hall in Sharks zone.
8:48 of 2nd period - Shot by Matt Beleskey.
8:48 of 2nd period - Goal by Matt Beleskey - Capitals : 1 - Sharks : 4.
8:49 of 2nd period - David Desharnais wins face-off versus Alexander Wennberg in neutral zone.
9:19 of 2nd period - Alexander Ovechkin is hit by Ladislav Smid.
9:54 of 2nd period - Stephen Weiss is hit by Nate Guenin and loses puck.
10:52 of 2nd period - Charlie Coyle is hit by Bryce Salvador and loses puck.
11:09 of 2nd period - Mathieu Perreault is hit by Matt Beleskey and loses puck.
11:21 of 2nd period - Icing by Ryan McDonagh.
11:22 of 2nd period - Mathieu Perreault wins face-off versus Alexander Wennberg in Capitals zone.
12:25 of 2nd period - Ladislav Smid is hit by Alexander Ovechkin and loses puck.
12:33 of 2nd period - Icing by Ladislav Smid.
12:34 of 2nd period - Cody Eakin wins face-off versus Alexander Wennberg in Sharks zone.
12:56 of 2nd period - Icing by Nate Guenin.
12:57 of 2nd period - Cody Eakin wins face-off versus Charlie Coyle in Capitals zone.
14:31 of 2nd period - Shot by Jiri Tlusty.
14:31 of 2nd period - Stopped by Al Montoya with a rebound.
14:33 of 2nd period - Shot by Jiri Tlusty.
14:33 of 2nd period - Shot Blocked by Andrej Sustr.
14:38 of 2nd period - Icing by Andrej Sustr.
14:39 of 2nd period - Andrew Shaw wins face-off versus Cody Eakin in Sharks zone.
14:41 of 2nd period - Icing by Nikolai Kulemin.
14:42 of 2nd period - Andrew Shaw wins face-off versus David Desharnais in Sharks zone.
14:48 of 2nd period - Icing by Alexander Ovechkin.
14:49 of 2nd period - David Desharnais wins face-off versus Nick Bjugstad in Capitals zone.
14:49 of 2nd period - David Desharnais is hit by Matt Beleskey.
15:45 of 2nd period - Shot by Stephen Weiss.
15:45 of 2nd period - Stopped by Jimmy Howard with a rebound.
15:52 of 2nd period - Icing by Nate Guenin.
15:53 of 2nd period - Andrew Shaw wins face-off versus David Desharnais in Capitals zone.
15:54 of 2nd period - Shot by Nikolai Kulemin.
15:54 of 2nd period - Deflect By Brooks Laich.
15:54 of 2nd period - Shot Misses the Net.
16:10 of 2nd period - Shot by Nikolai Kulemin.
16:10 of 2nd period - Deflect By Brooks Laich.
16:10 of 2nd period - Shot Blocked by Ryan Murphy.
16:12 of 2nd period - Shot by Nikolai Kulemin.
16:12 of 2nd period - Shot Misses the Net.
16:14 of 2nd period - Shot by Brooks Laich.
16:14 of 2nd period - Shot Misses the Net.
16:31 of 2nd period - Icing by Mark Pysyk.
16:32 of 2nd period - Mathieu Perreault wins face-off versus Andrew Shaw in Sharks zone.
17:03 of 2nd period - Shot by Ryan McDonagh.
17:03 of 2nd period - Stopped by Al Montoya without a rebound.
17:04 of 2nd period - Charlie Coyle wins face-off versus Cody Eakin in Sharks zone.
17:17 of 2nd period - Shot by Matt Beleskey.
17:17 of 2nd period - Shot Misses the Net.
18:14 of 2nd period - Shot by Jannik Hansen.
18:14 of 2nd period - Deflect By Colin McDonald.
18:14 of 2nd period - Stopped by Jimmy Howard without a rebound.
18:15 of 2nd period - Matt Stajan wins face-off versus Stephen Weiss in Capitals zone.
18:32 of 2nd period - Shot by Bryce Salvador.
18:32 of 2nd period - Shot Blocked by Andrej Sustr.
18:34 of 2nd period - Shot by Ryan McDonagh.
18:34 of 2nd period - Stopped by Al Montoya without a rebound.
18:35 of 2nd period - David Desharnais wins face-off versus Alexander Wennberg in Sharks zone.
18:50 of 2nd period - Shot by Alexander Wennberg.
18:50 of 2nd period - Shot Misses the Net.
18:57 of 2nd period - Icing by Jiri Tlusty.
18:58 of 2nd period - David Desharnais wins face-off versus Nick Bjugstad in Capitals zone.
19:10 of 2nd period - Icing by Robert Bortuzzo.
19:11 of 2nd period - Nick Bjugstad wins face-off versus Taylor Hall in Sharks zone.
19:26 of 2nd period - Icing by David Savard.
19:27 of 2nd period - David Desharnais wins face-off versus Nick Bjugstad in Sharks zone.
19:30 of 2nd period - Shot by Alexander Ovechkin.
19:30 of 2nd period - Stopped by Al Montoya without a rebound.
19:31 of 2nd period - Andrew Shaw wins face-off versus Taylor Hall in Sharks zone.
Goals for this period are 0 for Capitals vs 1 for Sharks.
Shots for this period are 5 for Capitals vs 6 for Sharks.

3rd period


0:01 of 3rd period - Nick Bjugstad wins face-off versus Mathieu Perreault in neutral zone.
0:19 of 3rd period - Shot by Matt Beleskey.
0:19 of 3rd period - Stopped by Jimmy Howard without a rebound.
0:20 of 3rd period - Alexander Wennberg wins face-off versus Jiri Tlusty in Capitals zone.
0:30 of 3rd period - Alexander Wennberg is hit by Bryce Salvador and loses puck.
0:31 of 3rd period - Minor Penalty to Bryce Salvador for High sticking.
0:32 of 3rd period - Nick Bjugstad wins face-off versus Matt Stajan in Capitals zone.
0:47 of 3rd period - Shot by Charlie Coyle.
0:47 of 3rd period - Stopped by Jimmy Howard without a rebound.
0:48 of 3rd period - Matt Stajan wins face-off versus Andrew Shaw in Capitals zone.
1:17 of 3rd period - Calvin de Haan is hit by Nikolai Kulemin and loses puck.
1:56 of 3rd period - Shot by Charlie Coyle.
1:56 of 3rd period - Shot Blocked by Nate Guenin.
2:00 of 3rd period - Shot by David Savard.
2:00 of 3rd period - Shot Blocked by Taylor Hall.
2:02 of 3rd period - Shot by David Savard.
2:02 of 3rd period - Shot Misses the Net.
2:04 of 3rd period - Shot by Robert Bortuzzo.
2:04 of 3rd period - Stopped by Jimmy Howard with a rebound.
2:06 of 3rd period - Shot by Robert Bortuzzo.
2:06 of 3rd period - Shot Blocked by Nate Guenin.
2:08 of 3rd period - Shot by Robert Bortuzzo.
2:08 of 3rd period - Shot Misses the Net.
2:10 of 3rd period - Shot by Robert Bortuzzo.
2:10 of 3rd period - Stopped by Jimmy Howard without a rebound.
2:11 of 3rd period - Matt Stajan wins face-off versus Andrew Shaw in Capitals zone.
2:47 of 3rd period - Shot by Viktor Stalberg.
2:47 of 3rd period - Stopped by Jimmy Howard without a rebound.
2:48 of 3rd period - Cody Eakin wins face-off versus Nick Bjugstad in Capitals zone.
3:33 of 3rd period - Mark Pysyk is hit by Derek Dorsett and loses puck.
3:43 of 3rd period - Matt Beleskey is hit by Ryan McDonagh and loses puck.
3:47 of 3rd period - Icing by Ryan McDonagh.
3:48 of 3rd period - David Desharnais wins face-off versus Alexander Wennberg in Capitals zone.
3:48 of 3rd period - David Desharnais is hit by Colin McDonald.
4:01 of 3rd period - Alexander Ovechkin is hit by David Savard and loses puck.
4:10 of 3rd period - Shot by Alexander Ovechkin.
4:10 of 3rd period - Shot Misses the Net.
4:30 of 3rd period - Shot by Jannik Hansen.
4:30 of 3rd period - Shot Misses the Net.
4:35 of 3rd period - David Desharnais is hit by Colin McDonald and loses puck.
5:44 of 3rd period - Icing by Nate Guenin.
5:45 of 3rd period - Mathieu Perreault wins face-off versus Charlie Coyle in Capitals zone.
5:50 of 3rd period - Shot by Matt Beleskey.
5:50 of 3rd period - Deflect By Charlie Coyle.
5:50 of 3rd period - Stopped by Jimmy Howard without a rebound.
5:51 of 3rd period - Cody Eakin wins face-off versus Charlie Coyle in Capitals zone.
6:10 of 3rd period - Shot by Cody Eakin.
6:10 of 3rd period - Goal by Cody Eakin - Capitals : 2 - Sharks : 4.
6:11 of 3rd period - Matt Stajan wins face-off versus Stephen Weiss in neutral zone.
6:22 of 3rd period - Shot by Tomas Fleischmann.
6:22 of 3rd period - Stopped by Al Montoya without a rebound.
6:23 of 3rd period - David Desharnais wins face-off versus Nick Bjugstad in Sharks zone.
6:38 of 3rd period - Andrej Sustr is hit by Alexander Ovechkin and loses puck.
6:49 of 3rd period - Shot by David Desharnais.
6:49 of 3rd period - Stopped by Al Montoya without a rebound.
6:50 of 3rd period - Mathieu Perreault wins face-off versus Stephen Weiss in Sharks zone.
7:05 of 3rd period - Shot by Morgan Rielly.
7:05 of 3rd period - Stopped by Al Montoya with a rebound.
7:19 of 3rd period - Shot by Mathieu Perreault.
7:19 of 3rd period - Stopped by Al Montoya with a rebound.
7:29 of 3rd period - Taylor Hall is hit by Viktor Stalberg and loses puck.
8:06 of 3rd period - Shot by David Desharnais.
8:06 of 3rd period - Stopped by Al Montoya without a rebound.
8:07 of 3rd period - Cody Eakin wins face-off versus Brooks Laich in Sharks zone.
8:20 of 3rd period - Alexander Semin is hit by Andrew Shaw and loses puck.
8:29 of 3rd period - Shot by Brooks Laich.
8:29 of 3rd period - Deflect By Nikolai Kulemin.
8:29 of 3rd period - Shot Blocked by Ryan Murphy.
8:31 of 3rd period - Shot by Andrej Sustr.
8:31 of 3rd period - Shot Misses the Net.
8:33 of 3rd period - Shot by Brooks Laich.
8:33 of 3rd period - Goal by Brooks Laich - Capitals : 2 - Sharks : 5.
8:33 of 3rd period - James Reimer enters game.
8:34 of 3rd period - Matt Beleskey wins face-off versus David Desharnais in neutral zone.
8:59 of 3rd period - Shot by Charlie Coyle.
8:59 of 3rd period - Stopped by James Reimer with a rebound.
9:07 of 3rd period - Shot by Jiri Tlusty.
9:07 of 3rd period - Shot Misses the Net.
9:43 of 3rd period - Shot by Mathieu Perreault.
9:43 of 3rd period - Shot Misses the Net.
9:45 of 3rd period - Shot by Tomas Fleischmann.
9:45 of 3rd period - Deflect By Mathieu Perreault.
9:45 of 3rd period - Stopped by Al Montoya with a rebound.
9:47 of 3rd period - Shot by Tomas Fleischmann.
9:47 of 3rd period - Stopped by Al Montoya with a rebound.
9:57 of 3rd period - Shot by Tomas Fleischmann.
9:57 of 3rd period - Shot Misses the Net.
9:59 of 3rd period - Shot by Taylor Hall.
9:59 of 3rd period - Shot Blocked by Ladislav Smid.
10:01 of 3rd period - Shot by Mathieu Perreault.
10:01 of 3rd period - Shot Misses the Net.
10:39 of 3rd period - Shot by Cody Eakin.
10:39 of 3rd period - Stopped by Al Montoya with a rebound.
10:41 of 3rd period - Shot by Alexander Semin.
10:41 of 3rd period - Deflect By Cody Eakin.
10:41 of 3rd period - Stopped by Al Montoya without a rebound.
10:42 of 3rd period - David Desharnais wins face-off versus Jannik Hansen in Sharks zone.
10:42 of 3rd period - Jiri Tlusty is hit by David Savard and loses puck.
10:53 of 3rd period - Shot by Colin McDonald.
10:53 of 3rd period - Stopped by James Reimer without a rebound.
10:54 of 3rd period - Andrew Shaw wins face-off versus David Desharnais in Capitals zone.
10:54 of 3rd period - Andrew Shaw is hit by Ryan McDonagh.
10:56 of 3rd period - Shot by Nikolai Kulemin.
10:56 of 3rd period - Shot Misses the Net.
11:09 of 3rd period - Brooks Laich is hit by Bryce Salvador and loses puck.
11:58 of 3rd period - Icing by Ryan McDonagh.
11:59 of 3rd period - Stephen Weiss wins face-off versus David Desharnais in Capitals zone.
12:27 of 3rd period - Minor Penalty to Bryce Salvador for Roughing.
12:28 of 3rd period - Matt Stajan wins face-off versus Andrew Shaw in Capitals zone.
13:49 of 3rd period - Icing by David Savard.
13:50 of 3rd period - Charlie Coyle wins face-off versus Cody Eakin in Sharks zone.
13:58 of 3rd period - Taylor Hall is hit by Matt Beleskey and loses puck.
14:12 of 3rd period - Off-side.
14:13 of 3rd period - Andrew Shaw wins face-off versus Matt Stajan in neutral zone.
15:12 of 3rd period - Icing by Martin Marincin.
15:13 of 3rd period - Cody Eakin wins face-off versus Stephen Weiss in Sharks zone.
15:35 of 3rd period - Viktor Stalberg is hit by Jay Harrison and loses puck.
16:26 of 3rd period - Shot by Tomas Fleischmann.
16:26 of 3rd period - Shot Misses the Net.
16:32 of 3rd period - Shot by Tomas Fleischmann.
16:32 of 3rd period - Stopped by Al Montoya without a rebound.
16:33 of 3rd period - David Desharnais wins face-off versus Andrew Shaw in Sharks zone.
16:33 of 3rd period - David Desharnais is hit by Mark Pysyk.
16:49 of 3rd period - Shot by Jiri Tlusty.
16:49 of 3rd period - Shot Misses the Net.
16:51 of 3rd period - Shot by Alexander Ovechkin.
16:51 of 3rd period - Deflect By Jiri Tlusty.
16:51 of 3rd period - Goal by Jiri Tlusty - Capitals : 3 - Sharks : 5.
16:52 of 3rd period - Matt Stajan wins face-off versus Alexander Wennberg in neutral zone.
17:56 of 3rd period - Shot by Jiri Tlusty.
17:56 of 3rd period - Stopped by Al Montoya with a rebound.
17:58 of 3rd period - Shot by Bryce Salvador.
17:58 of 3rd period - Stopped by Al Montoya without a rebound.
17:59 of 3rd period - Cody Eakin wins face-off versus Andrew Shaw in Sharks zone.
18:10 of 3rd period - Shot by Nikolai Kulemin.
18:10 of 3rd period - Stopped by James Reimer with a rebound.
19:09 of 3rd period - Alexander Ovechkin is hit by Ladislav Smid and loses puck.
Goals for this period are 2 for Capitals vs 1 for Sharks.
Shots for this period are 14 for Capitals vs 10 for Sharks.